 Dungeon Crawl Stone Soup version 0.19.0-24-gb05acd6 (webtiles) character file.

54 AAAAA the Ruffian (level 3, 0/26 HPs)
             Began as a Ghoul Enchanter on Nov 23, 2016.
             Slain by a bat (1 damage)
             ... on level 2 of the Dungeon.
             The game lasted 00:03:01 (1321 turns).

AAAAA the Ruffian (Ghoul Enchanter)                 Turns: 1321, Time: 00:03:01

Health: 0/26       AC:  3    Str: 12    XL:     3   Next: 91%
Magic:  2/4        EV: 12    Int: 10    God:
Gold:   41         SH:  0    Dex:  9    Spells: 1 memorised, 4 levels left

rFire  . . .     SeeInvis .     a - +1 dagger
rCold  + . .     Gourm    .     b - +1 robe
rNeg   + + +     Faith    .     (no shield)
rPois  ∞         Spirit   .     (no helmet)
rElec  .         Reflect  .     (no cloak)
rCorr  .         Harm     .     (no gloves)
MR     .....                    (no boots)
Stlth  ++........               (no amulet)
                                (no ring)
                                (no ring)

@: very slightly contaminated, rotting
A: rotting body, claws 1, carnivore 3, cold resistance 1, negative energy
resistance 3, slow regeneration 1, torment resistance, unbreathing
a: no special abilities


You were on level 2 of the Dungeon.
You were not hungry.

You visited 1 branch of the dungeon, and saw 2 of its levels.

You collected 41 gold pieces.

Inventory:

Hand Weapons
 a - a +1 dagger (weapon)
Armour
 b - a +1 robe (worn)
Jewellery
 e - an uncursed ring of stealth {unknown}
Scrolls
 g - a scroll of teleportation {unknown}
 h - 3 scrolls of identify {unknown}
 j - 3 scrolls of immolation {unknown}
 k - a scroll of magic mapping {unknown}
Potions
 i - a potion of might {unknown}
Books
 c - a book of Maledictions

   Spells                             Type                      Level
   a - Corona                         Hexes                        1
   b - Ensorcelled Hibernation        Hexes/Ice                    2
   c - Confuse                        Hexes                        3
   d - Tukima's Dance                 Hexes                        3
   e - Dazzling Spray                 Conjuration/Hexes            3
Comestibles
 d - a meat ration


   Skills:
 - Level 0.8 Short Blades
 - Level 1.7 Dodging
 - Level 3.2 Stealth
 + Level 3.7 Unarmed Combat
 - Level 1.7 Spellcasting
 - Level 2.4 Hexes


You had 4 spell levels left.
You knew the following spells:

 Your Spells              Type           Power        Failure   Level  Hunger
a - Corona                Hex            #......      14%         1    ##.....


Dungeon Overview and Level Annotations

Branches:
Dungeon (2/15)

Altars:


Innate Abilities, Weirdness & Mutations

Your body is rotting away.
You thrive on raw meat.
You are immune to poison.
You have sharp fingernails.
You are carnivorous and can eat meat at any time.
Your flesh is cold resistant. (rC+)
You are immune to negative energy. (rN+++)
You regenerate slowly when monsters are visible.
You are immune to unholy pain and torment.
You can survive without breathing.


Message History

Eat one of 2 chunks of flesh? (ye/n/q)
You start eating one of the 2 chunks of flesh.
You feel more resilient.
This raw flesh tastes great!
Eat a chunk of flesh? (ye/n/q)
You start eating the chunk of flesh.
The worm bites you!
* * * LOW HITPOINT WARNING * * *
This raw flesh tastes great!
A bat comes into view.
Casting: Corona
Confirm with . or Enter, or press ? or * to list all spells.
Aiming: Corona
Press: ? - help, Shift-Dir - straight line, f - bat
Aim: a bat (chance to defeat MR: 56%)
The bat is outlined in light.
The bat hits you.
* * * LOW HITPOINT WARNING * * *
You closely miss the bat. The bat hits you.
* * * LOW HITPOINT WARNING * * *
Unknown command.
The bat hits you.
You die...

#.. ##.....###. #. #..
###.......... ..###..
#..........#. .......##
#..........#.
........######..........#.
......................<.#.
.........######.........##
..........### ##.......##
........b@..# #.........
.........##w# #.........#
.........##.# #.........#
........###.# #.........#
.#......# #†# #.........#
....###.###.###........
#.........$.......?....
#.. ...####...w..##..#
#...#.......#


You could see a worm and a bat.

Vanquished Creatures
  2 adders
  A dart slug (D:2)
  A leopard gecko (D:1)
  5 bats
  4 goblins (D:1)
  5 hobgoblins
  8 kobolds
  A quokka (D:1)
  2 frilled lizards (D:1)
  4 rats (D:1)
33 creatures vanquished.

Notes
Turn   | Place    | Note
-------+----------+-------------------------------------------
     0 | D:1      | AAAAA the Ghoul Enchanter began the quest for the Orb.
     0 | D:1      | Reached XP level 1. HP: 14/14 MP: 2/2
    70 | D:1      | Reached skill level 1 in Unarmed Combat
   297 | D:1      | Reached XP level 2. HP: 19/19 MP: 1/3
   858 | D:1      | Reached XP level 3. HP: 26/26 MP: 4/4
  1314 | D:2      | HP: 1/26 [worm (8)]
  1320 | D:2      | HP: 1/26 [bat (1)]
  1321 | D:2      | Slain by a bat

Skill      XL: |  1  2  3 |
---------------+----------+-----
Unarmed Combat | 1 2 3 |  3.7
Short Blades   | |  0.8
Dodging        | |  1.7
Stealth        | |  3.2
Spellcasting   | |  1.7
Hexes          | |  2.4

Action                   || total
-------------------------++-------
Melee: Dagger            ||   145
       Punch             ||     2
 Cast: Corona            ||    18
 Stab: Distracted        ||     1
       Sleeping          ||     1
  Eat: Chunk             ||    22
Armor: Robe              ||    36
Dodge: Dodged            ||    98
